 Dungeon Crawl Stone Soup version 0.22.0 (webtiles) character file.

2 ventricule the Sneak (level 1, 0/11 HPs)
             Began as a Halfling Enchanter on Aug 11, 2018.
             Slain by a bat (1 damage)
             ... on level 1 of the Dungeon.
             The game lasted 00:00:51 (113 turns).

ventricule the Sneak (Halfling Enchanter)            Turns: 113, Time: 00:00:52

Health: 0/11       AC:  2    Str:  9    XL:     1   Next: 33%
Magic:  2/3        EV: 15    Int: 13    God:
Gold:   9          SH:  0    Dex: 14    Spells: 2/3 levels left

rFire    . . .     SeeInvis .   a - +1 dagger
rCold    . . .     Gourm    .   (shield restricted)
rNeg     . . .     Faith    .   b - +0 robe
rPois    .         Spirit   .   (no helmet)
rElec    .         Reflect  .   (no cloak)
rCorr    .         Harm     .   (no gloves)
MR       .....                  (no boots)
Stlth    ++........             (no amulet)
HPRegen  0.03/turn              (no ring)
MPRegen  0.08/turn              (no ring)

@: no status effects
A: small, mutation resistance 1
a: no special abilities


You were on level 1 of the Dungeon.
You were not hungry.

You visited 1 branch of the dungeon, and saw 2 of its levels.

You collected 9 gold pieces.

Inventory:

Hand Weapons
 a - a +1 dagger (weapon)
Armour
 b - a +0 robe (worn)
Comestibles
 e - a ration


   Skills:
 + Level 1.3 Short Blades
 + Level 2.2 Dodging
 + Level 3.3 Stealth
 - Level 1.5 Spellcasting
 + Level 2.4 Hexes


You had 2 spell levels left.
You knew the following spells:

 Your Spells              Type           Power        Failure   Level  Hunger
v - Corona                Hex            #......      10%         1    ##.....

Your spell library contained the following spells:

 Spells                   Type           Power        Failure   Level  Hunger
 Confuse                  Hex            #.......     28%         3    ####...
 Tukima's Dance           Hex            #.......     28%         3    ####...
 Ensorcelled Hibernation  Hex/Ice        #.....       24%         2    ###....
 Dazzling Spray           Conj/Hex       #.....       43%         3    ####...


Dungeon Overview and Level Annotations

Branches:
Dungeon (2/15)

Altars:


Innate Abilities, Weirdness & Mutations

You are small and have problems with some larger weapons.
You are somewhat resistant to further mutation.


Message History

Found a stone staircase leading up.
There is a stone staircase leading up here.
You climb upwards.
A frilled lizard and a bat come into view.
The frilled lizard hisses angrily.
There is a stone staircase leading down here.
The frilled lizard hisses.
Aim: a frilled lizard (chance to defeat MR: 59%)
The frilled lizard is outlined in light.
You now have 2/3 mp.
You closely miss the frilled lizard. The frilled lizard barely misses you.
You hit the frilled lizard. The frilled lizard closely misses you.
You barely miss the frilled lizard. The frilled lizard misses you.
You completely miss the frilled lizard. The frilled lizard bites you.
* * * LOW HITPOINT WARNING * * *
You take 2 damage, and have 1/11 hp.
You hit the frilled lizard.
You kill the frilled lizard!
The bat hits you.
You die...

#........#.#
#..........#
#..........#
#..........#
#......>#
##.....##
##...##
##b## #@#
#.# #.# ...
..# ..## ..
#..


You could see a bat.

Vault maps used:
D:1:      minmay_arrival_plants_in_alcoves, kennysheep_doodads

Notes
Turn   | Place    | Note
-------+----------+-------------------------------------------
     0 | D:1      | ventricule the Halfling Enchanter began the quest for the Orb.
     0 | D:1      | Reached XP level 1. HP: 11/11 MP: 3/3
    47 | D:1      | HP: 1/11 [hobgoblin (3)]
    91 | D:2      | Identified a scroll of magic mapping
    92 | D:2      | Identified a scroll of identify
   112 | D:1      | HP: 1/11 [frilled lizard (2)]
   113 | D:1      | Slain by a bat

Table legend:
 A = Turns spent in this place as a percentage of turns spent in the entire game.
 B = Non-inter-level travel turns spent in this place as a percentage of non-inter-level travel turns spent in the entire game.
 C = Inter-level travel turns spent in this place as a percentage of turns spent in this place.
 D = Turns resting spent in this place as a percentage of non-inter-level travel turns spent in this place.
 E = Turns spent auto-exploring this place as a percentage of non-inter-level travel turns spent in this place.
 F = Non-inter-level travel turns spent in this place divided by the number of levels of this place that you've seen.
                   A       B       C       D       E      F
               +-------+-------+-------+-------+-------+----------------------
         Total | 100.0 | 100.0 |   0.0 |   0.0 |  24.8 |  56.5
       Dungeon | 100.0 | 100.0 |   0.0 |   0.0 |  24.8 |  56.5
               +-------+-------+-------+-------+-------+----------------------

Table legend:
 A = Kills in this place as a percentage of kills in entire the game.
 B = Kills by you in this place as a percentage of kills by you in the entire game.
 C = Kills by friends in this place as a percentage of kills by friends in the entire game.
 D = Other kills in this place as a percentage of other kills in the entire game.
 E = Experience gained in this place as a percentage of experience gained in the entire game.
 F = Experience gained in this place divided by the number of levels of this place that you have seen.
                   A       B       C       D       E      F
               +-------+-------+-------+-------+-------+----------------------
         Total | 100.0 | 100.0 |   N/A |   N/A | 100.0 |   1.5
       Dungeon | 100.0 | 100.0 |   N/A |   N/A | 100.0 |   1.5
               +-------+-------+-------+-------+-------+----------------------

Action                   || total
-------------------------++-------
Melee: Dagger            ||     9
 Cast: Corona            ||     3
  Use: Scroll            ||     2
 Stab: Sleeping          ||     1
Dodge: Dodged            ||     6

Vanquished Creatures
  A hobgoblin (D:1)
  A frilled lizard (D:1)
2 creatures vanquished.
